 Dungeon Crawl Stone Soup version 0.27.1-33-g824d729ab1 (webtiles) character file.

Game seed: 12856681184733820268

1702820 alasdair19 the Conqueror (level 27, 81/273 HPs)
             Began as a Minotaur Fighter on Dec 12, 2021.
             Was the Champion of Okawaru.
             Escaped with the Orb
             ... and 3 runes on Dec 15, 2021!
             The game lasted 08:01:44 (73477 turns).

alasdair19 the Conqueror (Minotaur Fighter)        Turns: 73477, Time: 08:01:45

Health: 81/273     AC: 42    Str: 37    XL:     27
Magic:  23/23      EV:  9    Int:  4    God:    Okawaru [******]
Gold:   5883       SH: 42    Dex: 12    Spells: 26/26 levels left

rFire    + + +     SeeInvis +   r - +9 double sword (vorpal)
rCold    + + .     Faith    .   M - +8 tower shield of Virtue {Drain rPois rN++ rCorr}
rNeg     + + .     Spirit   .   E - +7 gold dragon scales
rPois    +         Reflect  +   B - +1 hat {SInv}
rElec    +         Harm     .   w - +1 cloak {Will+}
rCorr    +         Rampage  .   h - +0 pair of gloves of Hairiness {Regen+ Str+4}
Will     +++..                  S - +0 pair of boots {Fly}
Stlth    ..........             J - amulet of reflection
HPRegen  1.55/turn              C - ring of protection from fire
MPRegen  0.18/turn              U - ring "Nofozee" {rElec rC+ Dex+2}

@: unable to read, flying, studying Unarmed Combat
A: horns 2, retaliatory headbutt, dopey 1, fire resistance 1, low mp 2,
screaming 1, no potion heal 1, inability to read while threatened
0: Orb of Zot
}: 3/15 runes: serpentine, barnacled, silver
a: Renounce Religion, Heroism, Finesse


You escaped.
You worshipped Okawaru.
Okawaru was exalted by your worship.
You visited 11 branches of the dungeon, and saw 51 of its levels.
You visited the Abyss 1 time.
You also visited: Ossuary and Wizlab.

You collected 7816 gold pieces.
You spent 1933 gold pieces at shops.

Inventory:

Hand Weapons
 e - the +8 scimitar of Deflation {flame, rPois rF+ rC+}
   (You took it off a deep elf sorcerer on level 3 of the Elven Halls)

   It burns those it strikes, dealing additional fire damage.
   Big, fiery blades are also staple armaments of hydra-hunters.
   rF:        It protects you from fire.
   rC:        It protects you from cold.
   rPois:     It protects you from poison.
 q - the +9 hunting sling of Peczunaz {flame, rN++ rCorr}
   (You found it on level 4 of the Dungeon)

   Any ammunition fired from it burns those it strikes, dealing additional fire
   damage.
   rN:        It greatly protects you from negative energy.
   rCorr:     It protects you from acid and corrosion.
 r - a +9 vorpal double sword (weapon)
 z - a +1 demon blade
 V - a +6 hunting sling of freezing
Missiles
 s - 863 sling bullets
 H - a throwing net (quivered)
Armour
 h - the +0 pair of gloves of Hairiness (worn) {Regen+ Str+4}
   (Okawaru gifted it to you on level 15 of the Dungeon)

   Str:       It affects your strength (+4).
   Regen:     It increases your rate of health regeneration.
 l - a +2 hat of willpower
 w - a +1 cloak of willpower (worn)
 B - a +1 hat of see invisible (worn)
 E - +7 gold dragon scales (worn)
 K - the +0 cloak of Glamorous Satisfaction {rN++ MP-9 Str+4}
   (Okawaru gifted it to you on level 4 of the Realm of Zot)

   Str:       It affects your strength (+4).
   rN:        It greatly protects you from negative energy.
   MP:        It affects your magic capacity (-9).
 M - the +8 tower shield of Virtue (worn) {Drain rPois rN++ rCorr}
   (Okawaru gifted it to you on level 2 of the Depths)

   rPois:     It protects you from poison.
   rN:        It greatly protects you from negative energy.
   rCorr:     It protects you from acid and corrosion.
   Drain:     It drains your maximum health when unequipped.
 S - a +0 pair of boots of flying (worn)
Jewellery
 o - a ring of flight
 C - a ring of protection from fire (left hand)
 D - a ring of see invisible
 J - an amulet of reflection (around neck)
 Q - a ring of positive energy
 U - the ring "Nofozee" (right hand) {rElec rC+ Dex+2}
   (You took it off a rakshasa on level 4 of the Depths)

   [ring of protection from cold]

   Dex:       It affects your dexterity (+2).
   rC:        It protects you from cold.
   rElec:     It insulates you from electricity.
 W - the ring "Cyosibuz" {rN+ Will++ Int+6}
   (You took it off a deep elf pyromancer on level 3 of the Elven Halls)

   [ring of intelligence]

   Int:       It affects your intelligence (+6).
   rN:        It protects you from negative energy.
   Will:      It greatly increases your willpower.
 Y - the ring "Utodext" {rC++ Will+ Int+4}
   (You acquired it on level 5 of the Depths)

   [ring of willpower]

   Int:       It affects your intelligence (+4).
   rC:        It greatly protects you from cold.
   Will:      It increases your willpower.
Wands
 i - a wand of iceblast (68)
 k - a wand of charming (4)
 x - a wand of flame (159)
 N - a wand of mindburst (48)
 X - a wand of acid (45)
 Z - a wand of digging (20)
Scrolls
 a - a scroll of amnesia
 d - 2 scrolls of magic mapping
 g - 5 scrolls of fear
 t - 9 scrolls of blinking
 v - 17 scrolls of identify
 y - a scroll of acquirement
 F - a scroll of enchant weapon
 I - 11 scrolls of teleportation
 O - 8 scrolls of fog
 P - 2 scrolls of summoning
 R - 3 scrolls of holy word
Potions
 b - 4 potions of resistance
 f - 4 potions of flight
 m - 18 potions of curing
 n - 9 potions of heal wounds
 p - 5 potions of haste
 u - 6 potions of cancellation
 A - 7 potions of might
 L - 6 potions of berserk rage
Miscellaneous
 c - a condenser vane
 j - a phial of floods
 G - a box of beasts
 T - a lightning rod (4/4)


   Skills:
 O Level 27 Fighting
 - Level 1.5(16.9) Short Blades
 * Level 26.1 Long Blades
 - Level 1.3(1.7) Axes
 - Level 1.0(1.5) Maces & Flails
 - Level 1.0(1.6) Polearms
 - Level 1.1(1.5) Staves
 * Level 14.4 Slings
 - Level 1.0 Bows
 - Level 0.8 Crossbows
 + Level 26.4 Armour
 O Level 27 Shields
 - Level 1.3 Unarmed Combat
 - Level 0.4 Conjurations
 - Level 0.3 Hexes
 - Level 0.5 Summonings
 - Level 0.6 Necromancy
 - Level 0.5 Translocations
 - Level 0.6 Transmutations
 - Level 0.6 Fire Magic
 - Level 0.5 Ice Magic
 - Level 0.5 Air Magic
 - Level 0.8 Earth Magic
 - Level 0.5 Poison Magic
 - Level 10.6 Invocations
 + Level 9.6 Evocations


You had 26 spell levels left.
You didn't know any spells.
Your spell library contained the following spells:

 Spells                   Type           Power      Damage    Failure   Level
 Animate Skeleton         Necr           0%         N/A       88%         1
 Apportation              Tloc           0%         N/A       88%         1
 Beastly Appendage        Tmut           0%         N/A       88%         1
 Freeze                   Ice            0%         1d3       88%         1
 Pain                     Necr           0%         1d4       88%         1
 Sting                    Tmut/Pois      0%         1d3       88%         1
 Summon Small Mammal      Summ           0%         N/A       88%         1
 Shock                    Conj/Air       0%         1d3       89%         1
 Corona                   Hex            0%         N/A       90%         1
 Passwall                 Tmut/Erth      0%         N/A       95%         2
 Wereblood                Tmut           0%         N/A       95%         2
 Poisonous Vapours        Pois/Air       0%         N/A       96%         2
 Searing Ray              Conj           0%         3d3       96%         2
 Slow                     Hex            0%         N/A       97%         2
 Call Canine Familiar     Summ           0%         N/A       99%         3
 Confusing Touch          Hex            0%         N/A       99%         3
 Dazzling Flash           Conj/Hex       0%         N/A       99%         3
 Frozen Ramparts          Ice            0%         1d2       99%         3
 Gell's Gravitas          Tloc           0%         N/A       99%         3
 Inner Flame              Hex/Fire       0%         N/A       99%         3
 Lesser Beckoning         Tloc           0%         N/A       99%         3
 Mephitic Cloud           Conj/Pois/Air  0%         N/A       99%         3
 Ozocubu's Armour         Ice            0%         N/A       99%         3
 Portal Projectile        Hex/Tloc       0%         N/A       99%         3
 Spider Form              Tmut/Pois      0%         N/A       99%         3
 Summon Guardian Golem    Hex/Summ       0%         N/A       99%         3
 Swiftness                Air            0%         N/A       99%         3
 Teleport Other           Tloc           0%         N/A       99%         3
 Vampiric Draining        Necr           0%         2d6       99%         3
 Animate Dead             Necr           0%         N/A       100%        4
 Cause Fear               Hex            0%         N/A       100%        4
 Hailstorm                Conj/Ice       0%         3d3       100%        4
 Ice Form                 Ice/Tmut       0%         N/A       100%        4
 Olgreb's Toxic Radiance  Pois           0%         N/A       100%        4
 Sticky Flame             Conj/Fire      0%         2d3       100%        4
 Summon Ice Beast         Ice/Summ       0%         N/A       100%        4
 Agony                    Necr           0%         N/A       100%        5
 Alistair's Intoxication  Tmut/Pois      0%         N/A       100%        5
 Blade Hands              Tmut           0%         N/A       100%        5
 Borgnjor's Vile Clutch   Necr/Erth      0%         N/A       100%        5
 Excruciating Wounds      Necr           0%         N/A       100%        5
 Fireball                 Conj/Fire      0%         3d3       100%        5
 Metabolic Englaciation   Hex/Ice        0%         N/A       100%        5
 Silence                  Hex/Air        0%         N/A       100%        5
 Summon Forest            Summ/Tloc      0%         N/A       100%        5
 Summon Mana Viper        Hex/Summ       0%         N/A       100%        5
 Yara's Violent Unravell  Hex/Tmut       0%         3d3       100%        5
 Death Channel            Necr           0%         N/A       100%        6
 Dispersal                Tloc           0%         N/A       100%        6
 Eringya's Noxious Bog    Tmut/Pois      0%         N/A       100%        6
 Shadow Creatures         Summ           N/A        N/A       100%        6
 Simulacrum               Ice/Necr       0%         N/A       100%        6
 Starburst                Conj/Fire      0%         6d3       100%        6
 Statue Form              Tmut/Erth      0%         N/A       100%        6
 Monstrous Menagerie      Summ           0%         N/A       100%        7
 Ozocubu's Refrigeration  Ice            0%         4d5       100%        7
 Storm Form               Tmut/Air       0%         N/A       100%        7
 Summon Hydra             Summ           0%         N/A       100%        7
 Discord                  Hex            0%         N/A       100%        8
 Disjunction              Tloc           0%         N/A       100%        8
 Ignition                 Fire           0%         3d3       100%        8
 Chain Lightning          Conj/Air       0%         N/A       100%        9
 Death's Door             Necr           0%         N/A       100%        9
 Fire Storm               Conj/Fire      0%         5d1       100%        9


Dungeon Overview and Level Annotations

Branches:
Dungeon (15/15)            Temple (1/1) D:5            Lair (6/6) D:9
 Shoals (4/4) Lair:4        Snake (4/4) Lair:4        Slime (1/5) Lair:6
    Orc (2/2) D:9             Elf (3/3) Orc:2        Vaults (5/5) D:14
  Crypt (0/3) Vaults:3     Depths (5/5) D:15            Zot (5/5) Depths:5
Ossuary (visited)          WizLab (visited)

Altars:
Ashenzari
Cheibriados
Elyvilon
Fedhas
Kikubaaqudgha
Makhleb
Okawaru
Ru
Sif Muna
Uskayaw
Vehumet
Wu Jian
Xom
Yredelemnul
The Shining One
Beogh
Jiyva

Shops:
D:3 !   D:11 [   D:15 (=!*   Orc:2 (?!(!   Shoals:2 *   Snake:2 :   Snake:4 *
Vaults:3 !   Depths:1 *(   Depths:5 *:*

Portals:
Hell: Depths:1 Depths:2 Depths:3 Depths:4 Depths:5
Abyss: Depths:4
Pandemonium: Depths:1 Depths:3
Ziggurat: Depths:3
Trove: Vaults:4 (show slimy rune of Zot)

Annotations:
D:4 2 runed translucent doors


Innate Abilities, Weirdness & Mutations

You have a pair of horns on your head.
You reflexively headbutt those who attack you in melee.
You are dopey. (Int -2)
Your flesh is heat resistant. (rF+)
Your magical capacity is very low. (-20% MP)
You occasionally shout uncontrollably at your foes.
Potions are less effective at restoring your health.
You sometimes lose the ability to read scrolls when taking damage.


Message History

There is an entrance to Sidyhuro's Distillery here.
There is a stone staircase leading up here.
You fly upwards.
There is a stone staircase leading down here.
There is a stone staircase leading up here.
You fly upwards.
There is a stone staircase leading down here.
(D) Dungeon (T) Temple (L) Lair (A) Shoals (P) Snake Pit (M) Slime Pits (O) Orcish Mines (E) Elven Halls (V) Vaults (C) Crypt (U) Depths (H) Hell (Z) Zot
Where to? (Enter - D:1, ? - help)
What level of the Dungeon? (default 1, ? - help) You're already here!
An Ice Fiend comes into view.
The Ice Fiend calls on the powers of darkness!
Your body is wracked with pain!
You block the Ice Fiend's attack. x2
The Ice Fiend calls on the powers of darkness!
Your body is wracked with pain!
You feel threatened and lose the ability to read scrolls!
The Ice Fiend gestures at you. The bolt of cold misses you.
The Ice Fiend gestures at you.
The bolt of cold hits you but does no damage.
The Ice Fiend gestures at you. The bolt of cold hits you. You resist.
You see here a +0 club.
You can read scrolls again.
The Ice Fiend calls on the powers of darkness!
Your body is wracked with pain!
You feel threatened and lose the ability to read scrolls!
* * * LOW HITPOINT WARNING * * *
There is an open door here.
The Ice Fiend calls on the powers of darkness!
Your body is wracked with pain!
* * * LOW HITPOINT WARNING * * *
There is a staircase leading out of the dungeon here.
You can't go down here!
You have escaped!

#########
#.......#
#...@...#
#.......#
#...#...#
#...#...#
#...#...#
#...>...#
##1###.##
###
#'###+#
#..
#.##..#
#.#


You could see an Ice Fiend.

Vanquished Creatures
  3 dread liches
  6 ancient liches
  2 orbs of fire (Zot:5)
  3 juggernauts
  4 Killer Klowns
  Bai Suzhen (Snake:4)
  3 curse toes
  3 caustic shrikes
  13 golden dragons
  Nikola (Shoals:1)
  4 electric golems
  19 tentacled monstrosities
  Asterion (Vaults:3)
  27 Orb Guardians
  4 liches
  7 quicksilver dragons
  2 deep elf blademasters (Elf:3)
  2 deep elf master archers (Elf:3)
  9 titans
  An acid blob (Slime:1)
  An Executioner (Depths:5)
  Frances (D:13)
  3 sphinxes
  The ghost of Polaczum the Brawler, an adept TrMo of Nemelex Xobeh (Depths:3)
  7 shadow dragons
  Polyphemus (Shoals:2)
  12 tengu reavers
  An ancient champion (Vaults:3)
  7 death cobs
  9 draconian monks
  24 storm dragons
  7 nagarajas (Snake:4)
  The ghost of sydd the Stormcaller, an adept DgAE (Shoals:1)
  Ilsuiw (Shoals:3)
  3 draconian scorchers
  19 fire giants
  13 vault wardens
  An orc warlord (Orc:2)
  2 draconian knights
  14 frost giants
  7 deep elf sorcerers
  3 ghost moths (Zot:4)
  3 spectral caustic shrikes (Depths:3)
  4 draconian shifters
  6 draconian annihilators
  7 iron dragons
  A caustic shrike skeleton (Depths:1)
  5 draconian stormcallers
  3 war gargoyles (Vaults:4)
  14 ironbound preservers
  6 deep elf elementalists
  39 very ugly things
  4 spriggan defenders
  15 green draconians
  11 deep elf demonologists
  14 stone giants
  9 black draconians
  18 purple draconians
  5 vampire knights
  12 red draconians
  8 deep elf annihilators
  8 white draconians
  12 spark wasps
  7 dire elephants
  6 yellow draconians
  5 entropy weavers
  An eidolon (Vaults:3)
  3 jiangshi (Depths:2)
  8 ettins
  7 merfolk javelineers
  11 deep elf death magi
  22 yaktaur captains
  Josephine (Lair:5)
  A great orb of eyes (shapeshifter) (Depths:2)
  2 deep elf high priests (Elf:3)
  6 great orbs of eyes
  14 fire dragons
  23 naga warriors
  An ironbound thunderhulk (Vaults:2)
  9 merfolk impalers
  Harold (Lair:2)
  6 rakshasas
  17 ice dragons
  4 ironbound frosthearts
  6 hydras
  Erolcha (D:12)
  4 salamander tyrants
  7 spriggan air magi
  A peacekeeper (Vaults:3)
  37 vault guards
  2 alligator snapping turtles
  7 boulder beetles
  10 anacondas
  4 merfolk avatars (Shoals:2)
  5 ogre magi
  7 merfolk aquamancers
  2 catoblepae
  5 centaur warriors
  3 death knights
  31 dancing weapons
  The ghost of loralnil the Destroyer, a novice DrEE of Sif Muna (D:9)
  A satyr (shapeshifter) (Depths:2)
  14 tengu warriors
  A death yak (shapeshifter) (Depths:2)
  19 two-headed ogres
  2 satyrs
  11 deep troll shamans
  4 deep troll earth magi
  5 shock serpents
  6 ironbound beastmasters
  5 vampire magi
  9 death yaks
  11 naga sharpshooters
  4 spriggan berserkers
  Nergalle (D:12)
  4 orc high priests
  18 hell knights
  15 deep elf knights
  3 sun demons (Depths:3)
  A titan skeleton (Depths:1)
  A fire crab (Lair:6)
  4 iron trolls
  A golden dragon zombie (Depths:3)
  25 sea snakes
  5 glowing orange brains
  7 flayed ghosts
  A shadow demon (Depths:3)
  A deep troll (shapeshifter) (Depths:2)
  A glowing orange brain (shapeshifter) (Depths:2)
  56 deep trolls
  6 naga ritualists
  3 salamander mystics
  A torturous demonspawn (Depths:3)
  A kraken simulacrum (Shoals:4)
  2 phantasmal warriors
  9 deep elf archers
  2 lindwurms
  2 harpies (shapeshifter)
  20 ironbound convokers
  22 deep elf zephyrmancers
  5 wizards
  A golden dragon skeleton (Depths:1)
  29 deep elf pyromancers
  31 harpies
  13 necromancers
  5 orc knights
  An orb spider (shapeshifter) (D:8)
  12 manticores
  A fire giant zombie (Vaults:4)
  3 orc sorcerers
  10 mana vipers
  5 fauns (Shoals:3)
  48 ugly things
  16 salamanders
  A wolf spider (D:15)
  A moth of wrath (shapeshifter) (Depths:2)
  19 moths of wrath
  A cyclops (shapeshifter) (Depths:4)
  13 cyclopes
  3 guardian serpents (Snake:3)
  6 elephants (Lair:6)
  A worldbinder (Abyss:2)
  Maurice (D:8)
  4 water nymphs
  An iron dragon skeleton (Depths:1)
  44 black mambas
  13 vault sentinels
  A frost giant skeleton (Vaults:4)
  2 human skeletons (Vaults:4)
  14 cane toads
  A black mamba (shapeshifter) (D:13)
  An orange demon (Depths:3)
  4 merfolk sirens
  A rust devil (Depths:3)
  12 naga magi
  A torpor snail (Lair:6)
  A water nymph (shapeshifter) (Depths:4)
  4 unseen horrors
  A gargoyle (D:8)
  Maggie (Lair:2)
  3 freezing wraiths
  3 rime drakes
  A demonic crawler (D:15)
  A rime drake (shapeshifter) (Vaults:3)
  2 ice devils (Depths:3)
  15 yaktaurs
  4 kobold demonologists
  7 tengu conjurers
  3 komodo dragons
  A troll (shapeshifter) (D:12)
  A polar bear (Lair:6)
  A jumping spider (Vaults:2)
  26 merfolk
  8 wind drakes
  11 trolls
  A hornet (D:8)
  A merfolk (shapeshifter) (Vaults:3)
  Prince Ribbit (D:7)
  21 dream sheep
  7 snapping turtles
  A sphinx simulacrum (Depths:3)
  42 slime creatures
  8 blink frogs (Lair:2)
  A meliai zombie (D:11)
  A fire giant simulacrum (Depths:3)
  2 shadows
  A ynoxinul (Depths:3)
  3 redbacks
  7 wraiths
  20 water elementals
  A tarantella (shapeshifter) (D:14)
  An elf zombie (Vaults:4)
  A yak (shapeshifter) (D:10)
  2 steam dragons (D:9)
  2 basilisks
  53 yaks
  6 fire elementals
  5 vampire mosquitoes (D:14)
  A neqoxec (Depths:3)
  6 wyverns
  7 wargs
  41 nagas
  5 acid dragons
  An acid dragon (shapeshifter) (Depths:2)
  2 swamp worms (Lair:3)
  2 floating eyes (Depths:4)
  A floating eye (shapeshifter) (Depths:4)
  17 water moccasins
  3 ice beasts
  A sky beast (D:8)
  A swamp drake (shapeshifter) (Elf:3)
  36 orc warriors
  A black bear (Lair:6)
  3 necrophages
  28 ogres
  27 wolves
  7 centaurs
  4 phantoms
  3 kobold brigands (D:11)
  14 bullfrogs
  A scorpion (D:6)
  A small abomination (Zot:1)
  A human simulacrum (Depths:3)
  2 earth elementals (Elf:3)
  A gnoll sergeant (D:8)
  2 water moccasin zombies (D:5)
  A water moccasin skeleton (D:6)
  15 killer bees
  8 wights
  6 howler monkeys
  12 electric eels
  A crimson imp (D:5)
  9 centaur zombies
  A bullfrog zombie (D:6)
  2 hounds
  6 jellies
  Crazy Yiuf (D:3)
  4 centaur skeletons
  2 gnoll shamans
  14 orc priests
  A bullfrog skeleton (D:4)
  Jessica (D:3)
  Natasha (twice) (D:3)
  6 iguanas
  Terence (D:2)
  20 orc wizards
  6 hell rats (Lair:2)
  A hound skeleton (D:4)
  7 howler monkey zombies
  7 mummies
  7 adders
  4 gnolls (D:2)
  A shadow imp (D:6)
  A white imp (D:5)
  An ufetubus (Vaults:2)
  2 adder skeletons (D:4)
  3 worms
  6 dart slugs
  57 orcs
  9 endoplasms
  A giant cockroach (D:1)
  8 goblins
  10 hobgoblins
  10 quokkas
  8 ball pythons
  9 bats
  8 frilled lizards
  A goblin zombie (D:5)
  3 hobgoblin zombies (Ossuary)
  15 kobolds
  An orc zombie (D:5)
  8 rats
2182 creatures vanquished.

Vanquished Creatures (collateral kills)
  A very ugly thing (Depths:2)
  2 tengu conjurers (Depths:2)
3 creatures vanquished.

Vanquished Creatures (others)
  A black draconian (Zot:3)
  A white draconian (Depths:5)
  An ice dragon (Depths:4)
  A two-headed ogre (Orc:1)
  A deep elf knight (Elf:2)
  A death drake (Depths:5)
  A wizard (Depths:2)
  A necromancer (Depths:3)
  A deep elf zephyrmancer (Elf:1)
  A harpy (Shoals:1)
  3 fauns (Shoals:1)
  A merfolk siren (Shoals:1)
  A yaktaur (Vaults:5)
  An orc warrior (Orc:2)
  An ogre (Vaults:5)
  A hell rat (Lair:2)
  An orc (Orc:2)
  3 ball lightnings (Shoals:1)
  26 fungi
  131 plants
  8 tentacles (Shoals:4)
  A withered plant (Depths:1)
188 creatures vanquished.

Grand Total: 2373 creatures vanquished

Notes
Turn   | Place    | Note
-------+----------+-------------------------------------------
     0 | D:1      | alasdair19 the Minotaur Fighter began the quest for the
                  | Orb.
     0 | D:1      | Reached XP level 1. HP: 19/19 MP: 0/0
   133 | D:1      | Reached XP level 2. HP: 27/27 MP: 1/1
   496 | D:1      | Reached XP level 3. HP: 33/33 MP: 2/2
   861 | D:2      | Reached XP level 4. HP: 4/40 MP: 3/3
  1256 | D:2      | Noticed Terence
  1261 | D:2      | Killed Terence
  1319 | D:2      | Found a faded altar of an unknown god.
  1619 | D:2      | Reached XP level 5. HP: 47/47 MP: 4/4
  2140 | D:3      | Found Sidyhuro's Distillery.
  2146 | D:3      | Noticed Jessica
  2159 | D:3      | Killed Jessica
  2160 | D:3      | Reached skill level 5 in Shields
  2164 | D:3      | Bought a potion of curing for 33 gold pieces
  2164 | D:3      | Bought a potion of heal wounds for 55 gold pieces
  2415 | D:3      | Found a runed translucent door.
  2416 | D:3      | Noticed Crazy Yiuf
  2425 | D:3      | Killed Crazy Yiuf
  2625 | D:3      | Noticed Natasha
  2632 | D:3      | Killed Natasha
  2633 | D:3      | Reached XP level 6. HP: 48/53 MP: 5/5
  2736 | D:3      | Noticed Natasha
  2740 | D:3      | Killed Natasha
  2741 | D:3      | Reached skill level 5 in Long Blades
  2741 | D:3      | Reached skill level 5 in Armour
  3025 | D:4      | Found a large runed translucent door.
  3025 | D:4      | Found a large runed translucent door.
  3039 | D:4      | Found a large runed translucent door.
  3039 | D:4      | Found a large runed translucent door.
  3072 | D:4      | Reached skill level 5 in Fighting
  3079 | D:4      | Reached XP level 7. HP: 52/61 MP: 4/6
  3084 | D:4      | Identified the +9 hunting sling of Peczunaz {flame, rN++
                  | rCorr}
  3397 | D:4      | Reached skill level 1 in Slings
  3411 | D:4      | Identified the +2 leather armour of Yklogg Male {*Corrode
                  | Str+4 Int+3}
  3516 | D:4      | Identified the +7 quarterstaff "Ugesunabask" {vorpal,
                  | *Corrode rF+ Will+}
  3729 | D:4      | Identified the +4 battleaxe of Jiapiwiu {vorpal, rN+ Str+5}
  3768 | D:5      | Entered Level 5 of the Dungeon
  3794 | D:5      | Reached XP level 8. HP: 69/69 MP: 7/7
  3953 | D:5      | Found a sand-covered staircase.
  4137 | Ossuary  | Entered an ossuary
  4151 | Ossuary  | Reached skill level 5 in Slings
  4355 | D:5      | Found a large runed translucent door.
  4355 | D:5      | Found a large runed translucent door.
  4475 | D:5      | Found a burning altar of Makhleb.
  4475 | D:5      | Noticed a balrug
  4555 | D:5      | Found a white marble altar of Elyvilon.
  4617 | D:5      | Found a staircase to the Ecumenical Temple.
  4628 | Temple   | Entered the Ecumenical Temple
  4649 | Temple   | Became a worshipper of Warmaster Okawaru
  4812 | D:5      | Found a radiant altar of Vehumet.
  5110 | D:5      | Found a blossoming altar of Fedhas.
  5121 | D:5      | Found a snail-covered altar of Cheibriados.
  5514 | D:6      | Reached * piety under Okawaru
  5518 | D:6      | Reached XP level 9. HP: 78/78 MP: 8/8
  5660 | D:6      | Reached skill level 1 in Invocations
  5920 | D:6      | Found a hide-covered altar of Uskayaw.
  6305 | D:7      | Noticed Prince Ribbit
  6320 | D:7      | Killed Prince Ribbit
  6559 | D:7      | Reached ** piety under Okawaru
  7035 | D:8      | Identified the +1 leather armour "Ytodauto" {Rampage rN+
                  | Str-3}
  7155 | D:8      | Noticed Maurice
  7163 | D:8      | Killed Maurice
  7175 | D:8      | Reached XP level 10. HP: 45/86 MP: 5/11
  7194 | D:8      | Reached *** piety under Okawaru
  8161 | D:8      | Reached **** piety under Okawaru
  8206 | D:8      | Received a gift from Okawaru
  8228 | D:8      | Noticed a gargoyle
  8240 | D:8      | Killed a gargoyle
  8241 | D:8      | Reached skill level 5 in Invocations
  8550 | D:8      | Noticed an orb spider
  8553 | D:8      | Killed an orb spider
  8838 | D:8      | Noticed a two-headed ogre
  8973 | D:8      | Noticed a manticore
  8977 | D:8      | Killed a manticore
  8977 | D:8      | Received a gift from Okawaru
  8978 | D:8      | Reached XP level 11. HP: 94/94 MP: 14/14
  9003 | D:8      | Killed a two-headed ogre
  9003 | D:8      | Received a gift from Okawaru
  9004 | D:8      | Reached skill level 10 in Slings
  9168 | D:8      | Noticed a two-headed ogre
  9181 | D:8      | Killed a two-headed ogre
  9346 | D:9      | Reached ***** piety under Okawaru
  9524 | D:9      | Noticed a death knight
  9524 | D:9      | Noticed a phantasmal warrior
  9977 | D:9      | Found a staircase to the Lair.
 10014 | D:9      | Found a staircase to the Orcish Mines.
 10083 | D:9      | Killed a phantasmal warrior
 10083 | D:9      | Received a gift from Okawaru
 10131 | Lair:1   | Entered Level 1 of the Lair of Beasts
 10171 | Lair:1   | Received a gift from Okawaru
 10184 | Lair:1   | Reached skill level 10 in Long Blades
 11068 | Lair:1   | You fall into a shaft and drop 1 floor!
 11098 | Lair:2   | Noticed Harold
 11123 | Lair:2   | Killed Harold
 11124 | Lair:2   | Reached skill level 10 in Shields
 11124 | Lair:2   | Reached XP level 12. HP: 33/105 MP: 5/16
 11130 | Lair:2   | Received a gift from Okawaru
 11598 | Lair:2   | Noticed Maggie
 12101 | D:9      | Killed a death knight
 12418 | D:9      | Found a runed translucent door.
 12421 | D:9      | Noticed loralnil's ghost (novice DrEE)
 12422 | D:9      | Noticed a boulder beetle
 12438 | D:9      | Found a shimmering blue altar of Sif Muna.
 12443 | D:9      | Found an ornate altar of the Wu Jian Council.
 12513 | Orc:1    | Entered Level 1 of the Orcish Mines
 12676 | D:9      | Reached skill level 10 in Armour
 12944 | Orc:2    | Entered Level 2 of the Orcish Mines
 12944 | Orc:2    | Noticed a two-headed ogre
 12944 | Orc:2    | Noticed a two-headed ogre
 12944 | Orc:2    | Noticed a two-headed ogre
 12944 | Orc:2    | Noticed an ogre mage
 12944 | Orc:2    | Noticed a two-headed ogre
 12944 | Orc:2    | Noticed a two-headed ogre
 12944 | Orc:2    | Noticed a two-headed ogre
 12944 | Orc:2    | Noticed a two-headed ogre
 12944 | Orc:2    | Noticed an orc high priest
 12944 | Orc:2    | Found Kerieh's Distillery.
 12944 | Orc:2    | Found Wohaclue's Distillery.
 12944 | Orc:2    | Found Jileth's Antique Weapon Shop.
 12983 | Orc:2    | Noticed a two-headed ogre
 12997 | Orc:1    | Killed a two-headed ogre
 13004 | D:9      | Killed a two-headed ogre
 13005 | D:9      | Reached skill level 10 in Fighting
 13437 | Lair:2   | Received a gift from Okawaru
 13661 | Lair:2   | Received a gift from Okawaru
 13789 | Lair:2   | Killed Maggie
 14284 | Lair:2   | Reached ****** piety under Okawaru
 14449 | Lair:2   | Received a gift from Okawaru
 15005 | Lair:3   | Noticed a six-headed hydra
 15009 | Lair:3   | Killed a six-headed hydra
 15490 | Lair:4   | Identified the +0 ring mail "Cimokhluo" {Will- Regen+ Int+8
                  | Dex+5}
 15549 | Lair:4   | Received a gift from Okawaru
 15776 | Lair:4   | Noticed a six-headed hydra
 15839 | Lair:4   | Killed a six-headed hydra
 15839 | Lair:4   | Identified the +8 scimitar of Bile {venom, Stlth+} (Okawaru
                  | gifted it to you on level 4 of the Lair of Beasts)
 15839 | Lair:4   | Received a gift from Okawaru
 15840 | Lair:4   | Reached XP level 13. HP: 101/114 MP: 14/18
 15973 | Lair:4   | Found a staircase to the Snake Pit.
 16351 | Lair:4   | Found a staircase to the Shoals.
 16378 | Lair:4   | Reached skill level 1 in Short Blades
 16871 | Lair:5   | Received a gift from Okawaru
 17218 | Lair:5   | Noticed Josephine
 17233 | Lair:5   | Killed Josephine
 17387 | Lair:5   | Identified the +0 buckler of Mirth {-Tele rC+ Slay+5}
                  | (Okawaru gifted it to you on level 5 of the Lair of Beasts)
 17387 | Lair:5   | Received a gift from Okawaru
 17681 | Lair:5   | Got the Grimoire of Feathery Arcane Weapons
 17870 | Lair:6   | Entered Level 6 of the Lair of Beasts
 17883 | Lair:6   | Found a staircase to the Slime Pits.
 17884 | Lair:6   | Found a viscous altar of Jiyva.
 18780 | Lair:6   | Reached skill level 10 in Invocations
 18782 | Lair:6   | Received a gift from Okawaru
 18783 | Lair:6   | Reached XP level 14. HP: 112/125 MP: 17/20
 20085 | D:9      | Killed loralnil's ghost
 20088 | D:9      | Identified the +2 shortbow of Pefuin {venom, Str+4}
 20209 | D:10     | Entered Level 10 of the Dungeon
 21397 | D:11     | Found Warhauh's Armour Shop.
 21946 | D:12     | Noticed Nergalle
 21962 | D:12     | Killed Nergalle
 22181 | D:12     | Noticed Erolcha
 22187 | D:12     | Killed Erolcha
 22321 | D:12     | Received a gift from Okawaru
 22321 | D:12     | Found the +2 shield of Resistance {rF++ rC++ Will++}
 23570 | D:13     | Noticed Frances
 23584 | D:13     | Killed Frances
 24242 | D:14     | You fall into a shaft and drop 1 floor!
 24242 | D:15     | Entered Level 15 of the Dungeon
 24242 | D:15     | Found Ynacuuph's General Store.
 24281 | D:15     | Bought a scroll of teleportation for 45 gold pieces
 24281 | D:15     | Bought a wand of mindburst (13) for 255 gold pieces
 24281 | D:15     | Bought 2 potions of heal wounds for 150 gold pieces
 24303 | D:15     | Found Fabo's Jewellery Boutique.
 24305 | D:15     | Found Razxad's Weapon Shoppe.
 24375 | D:15     | Reached XP level 15. HP: 135/136 MP: 21/21
 24771 | D:15     | Found Zuymuen's Distillery.
 24838 | D:14     | Received a gift from Okawaru
 24953 | D:15     | Noticed a frost giant
 24966 | D:15     | Killed a frost giant
 24983 | D:15     | Identified the +0 pair of gloves of Hairiness {Regen+
                  | Str+4} (Okawaru gifted it to you on level 15 of the
                  | Dungeon)
 24983 | D:15     | Received a gift from Okawaru
 25113 | D:15     | Found a staircase to the Depths.
 25255 | D:15     | Found a shimmering blue altar of Sif Muna.
 25693 | Snake:1  | Entered Level 1 of the Snake Pit
 26072 | D:14     | Found a gate to the Vaults.
 28005 | Snake:2  | Reached skill level 15 in Fighting
 28084 | Snake:2  | Received a gift from Okawaru
 28315 | Snake:2  | Received a gift from Okawaru
 28723 | Snake:2  | Found Tiale's Book Boutique.
 28766 | Snake:2  | Reached XP level 16. HP: 145/149 MP: 20/22
 28932 | Snake:2  | Reached skill level 15 in Shields
 29626 | Snake:3  | Identified the +0 pair of gloves "Jikui" {*Slow rF++ Int+3}
                  | (Okawaru gifted it to you on level 3 of the Snake Pit)
 29626 | Snake:3  | Received a gift from Okawaru
 30615 | Snake:3  | Reached skill level 1 in Evocations
 30655 | Snake:4  | Entered Level 4 of the Snake Pit
 30906 | Snake:3  | Reached skill level 15 in Armour
 31060 | Snake:4  | Found Xiesom's Assorted Antiques.
 31394 | Snake:4  | Received a gift from Okawaru
 31601 | Snake:4  | Noticed Bai Suzhen
 31680 | Snake:4  | Received a gift from Okawaru
 31716 | Snake:4  | Killed Bai Suzhen
 32309 | Snake:4  | Reached XP level 17. HP: 165/165 MP: 23/23
 32984 | Snake:4  | Received a gift from Okawaru
 33046 | Snake:4  | Reached skill level 5 in Evocations
 33383 | Snake:4  | Received a gift from Okawaru
 33411 | Snake:4  | Got a serpentine rune of Zot
 33874 | Shoals:1 | Entered Level 1 of the Shoals
 33880 | Shoals:1 | Noticed Nikola
 33904 | Shoals:1 | Killed Nikola
 33974 | Shoals:1 | Received a gift from Okawaru
 34254 | Shoals:1 | Found a runed translucent gate.
 34254 | Shoals:1 | Found a runed translucent gate.
 34254 | Shoals:1 | Found a runed translucent gate.
 34259 | Shoals:1 | Noticed sydd's ghost (adept DgAE)
 34274 | Shoals:1 | Killed sydd's ghost
 35031 | Shoals:2 | Found Iclusue's Assorted Antiques.
 35061 | Shoals:2 | Received a gift from Okawaru
 35066 | Shoals:2 | Bought a golden ring for 150 gold pieces
 35312 | Shoals:2 | Noticed Polyphemus
 35329 | Shoals:2 | Received a gift from Okawaru
 35343 | Shoals:2 | Killed Polyphemus
 35486 | Shoals:2 | Received a gift from Okawaru
 36089 | Shoals:3 | Received a gift from Okawaru
 36106 | Shoals:3 | Noticed Ilsuiw
 36241 | Shoals:2 | Reached XP level 18. HP: 178/178 MP: 24/24
 36360 | Shoals:3 | Killed Ilsuiw
 36814 | Shoals:3 | Identified the +8 quarterstaff "Qiwuumn" {holy, rC+ rN+
                  | Int+3}
 37409 | Shoals:4 | Entered Level 4 of the Shoals
 37513 | Shoals:4 | Received a gift from Okawaru
 38624 | Shoals:4 | Identified the +1 scale mail "Delop" {rC++}
 38845 | Shoals:4 | Got a barnacled rune of Zot
 39354 | Orc:1    | Received a gift from Okawaru
 39557 | Orc:1    | Identified the +4 long sword "Laseg" {chaos, +Blink Will-
                  | Str-5 SInv} (Okawaru gifted it to you on level 1 of the
                  | Orcish Mines)
 39557 | Orc:1    | Received a gift from Okawaru
 39571 | Orc:2    | Found Ownue's Magic Scroll Shoppe.
 39730 | Orc:2    | Found Wyazeis's Weapon Shop.
 40039 | Orc:2    | Found a staircase to the Elven Halls.
 40526 | Orc:1    | You fall into a shaft and drop 1 floor!
 40560 | Elf:1    | Entered Level 1 of the Elven Halls
 40646 | Elf:1    | Reached XP level 19. HP: 166/191 MP: 25/25
 40750 | Elf:1    | Identified the +4 scimitar of Juskual {flame, +Rage rElec}
 40985 | Elf:1    | Found a runed translucent door.
 40992 | Elf:1    | Received a gift from Okawaru
 41383 | Elf:1    | Got Duez's Incunabulum of Blows and Bruises
 41954 | Elf:2    | Found a runed translucent gate.
 41955 | Elf:2    | Found a runed translucent gate.
 41955 | Elf:2    | Found a runed translucent gate.
 42764 | Elf:2    | Received a gift from Okawaru
 43054 | Elf:3    | Entered Level 3 of the Elven Halls
 43111 | Elf:3    | Found a magical portal.
 43119 | WizLab   | Entered Iskenderun's Mystic Tower
 44400 | Elf:3    | Reached XP level 20. HP: 151/206 MP: 26/26
 44465 | Elf:3    | Identified the +8 scimitar of Deflation {flame, rPois rF+
                  | rC+}
 44465 | Elf:3    | Identified the ring "Pihihejo" {Wiz +Blink rC+}
 44791 | Elf:3    | Identified the ring "Cyosibuz" {rN+ Will++ Int+6}
 44833 | Elf:3    | HP: 4/200 [deep elf master archer/arrow (32)]
 45288 | Elf:3    | Identified the +1 pair of boots of Oronimall {rN+ Regen+
                  | Slay-4}
 45335 | Elf:3    | Received a gift from Okawaru
 45363 | Elf:3    | Got the Reference Book on Transmutation and Poisoning
 45410 | Elf:3    | Identified the +3 leather armour "Urranekha" {-Cast Str+4
                  | SInv Stlth+}
 45416 | Elf:3    | Identified the +0 ring mail of Muttered Phrases {rElec
                  | rF+++ MP-9 Dex-2}
 45971 | Vaults:1 | Entered Level 1 of the Vaults
 46194 | Vaults:1 | Received a gift from Okawaru
 46491 | Vaults:1 | Received a gift from Okawaru
 46839 | Vaults:1 | Received a gift from Okawaru
 46999 | Vaults:1 | Received a gift from Okawaru
 48097 | D:15     | Bought a ring of resist corrosion for 300 gold pieces
 48404 | Vaults:2 | Received a gift from Okawaru
 48761 | Vaults:2 | Received a gift from Okawaru
 49080 | Vaults:2 | Reached XP level 21. HP: 205/220 MP: 27/27
 49676 | Vaults:2 | Received a gift from Okawaru
 49956 | Vaults:3 | Received a gift from Okawaru
 49995 | Vaults:3 | Found Faaw Bea's Distillery.
 50228 | Vaults:3 | Noticed Asterion
 50237 | Vaults:3 | Killed Asterion
 50396 | Vaults:3 | Reached skill level 27 in Fighting
 50510 | Vaults:3 | Received a gift from Okawaru
 50590 | Vaults:3 | Found a staircase to the Crypt.
 51416 | Vaults:4 | Received a gift from Okawaru
 51504 | Vaults:4 | Found a portal to a secret trove of treasure.
 51791 | Vaults:4 | Found the ring of the Hare {EV+8}
 52191 | Vaults:4 | Received a gift from Okawaru
 52458 | Depths:1 | Entered Level 1 of the Depths
 52814 | Depths:1 | Reached XP level 22. HP: 224/233 MP: 28/28
 52890 | Depths:1 | Found a one-way gate leading to the halls of Pandemonium.
 53048 | Depths:1 | Found a basalt altar of Yredelemnul.
 53155 | Depths:1 | Found Safivuk's Weapon Shop.
 53225 | Depths:1 | Found Xopivib's General Store.
 53256 | Depths:1 | Found a gateway to Hell.
 53314 | Depths:1 | Found a blossoming altar of Fedhas.
 53670 | Depths:2 | Received a gift from Okawaru
 53903 | Depths:2 | Identified the +8 tower shield of Virtue {Drain rPois rN++
                  | rCorr} (Okawaru gifted it to you on level 2 of the Depths)
 53903 | Depths:2 | Received a gift from Okawaru
 53936 | Depths:2 | Noticed a juggernaut
 53958 | Depths:2 | Noticed a caustic shrike
 54058 | Depths:1 | Killed a juggernaut
 54122 | Depths:2 | Identified the ring "Damn" {EV+4 Str-4 Dex+4}
 54156 | Depths:2 | Killed a caustic shrike
 54962 | Depths:2 | Identified the +5 quarterstaff of Girossed {freeze, *Rage
                  | rN+ Dex+3 Stlth+}
 54962 | Depths:2 | Identified the +5 hunting sling "Ceululit" {vorpal, rElec
                  | rF+++ Str-4}
 54977 | Depths:2 | Received a gift from Okawaru
 54977 | Depths:2 | Noticed a juggernaut
 54999 | Depths:2 | Cast into level 2 of the Abyss (vampire mage)
 55067 | Depths:2 | Escaped the Abyss
 55581 | Snake:4  | Bought 3 scrolls of enchant weapon for 945 gold pieces
 56043 | Depths:2 | Killed a juggernaut
 56049 | Depths:2 | Reached skill level 15 in Long Blades
 56165 | Depths:2 | Reached XP level 23. HP: 240/240 MP: 29/29
 56608 | Depths:3 | Received a gift from Okawaru
 57399 | Depths:3 | Found a gateway to a ziggurat.
 57880 | Depths:3 | Gained mutation: Potions are less effective at restoring
                  | your health. [a neqoxec]
 57975 | Depths:3 | Found a runed translucent door.
 57976 | Depths:3 | Found a shimmering altar of Xom.
 57976 | Depths:3 | Noticed Polaczum's ghost (adept TrMo)
 57976 | Depths:3 | Identified the +5 glaive of Quick Death {chaos, Fly rPois
                  | rF++ rCorr}
 57993 | Depths:3 | Killed Polaczum's ghost
 58000 | Depths:3 | Identified the +11 short sword "Beetlebane" {vorpal, +Rage
                  | rElec Str-4 Int+3}
 58001 | Depths:3 | Identified the +11 mace of Instant Death {protect, rCorr}
 58184 | Depths:4 | Received a gift from Okawaru
 58752 | Depths:4 | Noticed a caustic shrike
 58768 | Depths:4 | Killed a caustic shrike
 58768 | Depths:4 | Received a gift from Okawaru
 58794 | Depths:4 | Received a gift from Okawaru
 58881 | Depths:4 | Identified the +11 scimitar of Fedhas's Envy {freeze, rElec
                  | rF+ rN++ MP-9}
 58881 | Depths:4 | Identified the ring "Nofozee" {rElec rC+ Dex+2}
 59499 | Depths:4 | Identified the +1 pair of gloves of Carved Mirth {Regen+}
                  | (Okawaru gifted it to you on level 4 of the Depths)
 59499 | Depths:4 | Received a gift from Okawaru
 59527 | Depths:4 | Identified a scroll of acquirement
 59578 | Depths:4 | Identified the +5 dagger "Ulubaj Ank" {pain, rF- rN+ Str+3}
 59838 | Depths:4 | Reached XP level 24. HP: 247/249 MP: 29/29
 60092 | Depths:4 | Identified the ring of Balance {Wiz Int+3 Dex-3}
 60096 | Depths:4 | Identified the +5 falchion of Bodily Harmony {protect,
                  | rPois}
 60397 | Depths:4 | Found a broken altar of Ashenzari.
 60398 | Depths:4 | Found a broken altar of Ashenzari.
 60399 | Depths:4 | Found a sacrificial altar of Ru.
 60399 | Depths:4 | Found an iron altar of Okawaru.
 60630 | Depths:4 | Found a runed translucent door.
 60630 | Depths:4 | Noticed a juggernaut
 60633 | Depths:4 | Found a runed translucent door.
 60643 | Depths:4 | Killed a juggernaut
 60643 | Depths:4 | Identified the +6 falchion "Qeileppoosh" {vorpal, rPois
                  | Stlth+} (Okawaru gifted it to you on level 4 of the Depths)
 60643 | Depths:4 | Received a gift from Okawaru
 60831 | Depths:4 | Found a one-way gate to the infinite horrors of the Abyss.
 60876 | Depths:4 | Identified the +3 hunting sling of Disaster {freeze, rN++
                  | Str-5 Int+3 Dex+2}
 61095 | Depths:4 | Found the +5 sword of Power {vorpal}
 61096 | Depths:4 | Identified the +0 pair of gloves of Citz {rElec rN+ Int+2
                  | Stlth+}
 61113 | Depths:4 | Got the Grimoire of Cloudy Contamination
 61166 | Depths:5 | Entered Level 5 of the Depths
 61262 | Depths:5 | Acquired the ring "Utodext" {rC++ Will+ Int+4}
 61342 | Depths:5 | Identified the +2 scimitar of Paper {elec, +Rage rC- Dex+2}
                  | (Okawaru gifted it to you on level 5 of the Depths)
 61342 | Depths:5 | Received a gift from Okawaru
 61600 | Depths:5 | Found Arit's General Store.
 61602 | Depths:5 | Found Fifazxy's Book Shoppe.
 61604 | Depths:5 | Found Efucunuc's Assorted Antiques.
 61766 | Depths:5 | Received a gift from Okawaru
 61811 | Depths:5 | Received a gift from Okawaru
 62133 | Depths:5 | Reached XP level 25. HP: 257/257 MP: 29/29
 62206 | Depths:5 | Received a gift from Okawaru
 62730 | Depths:5 | Found a gate to the Realm of Zot.
 62895 | Depths:5 | Identified the +4 ring mail of Light {rElec rN+++ Will-
                  | Regen+}
 62930 | Depths:5 | Identified the +5 shadow dragon scales of the Eternal Fruit
                  | {rElec rC- Str+5 SInv Stlth++++}
 63544 | Vaults:5 | Entered Level 5 of the Vaults
 64160 | Vaults:5 | Identified the +8 morningstar of the Spectre {vorpal, *Rage
                  | rElec Stlth+}
 64379 | Vaults:5 | Noticed an ancient lich
 64392 | Vaults:5 | Noticed a dread lich
 64400 | Vaults:4 | Received a gift from Okawaru
 64445 | Vaults:4 | Killed a dread lich
 64465 | Vaults:4 | Killed an ancient lich
 64768 | Vaults:4 | Received a gift from Okawaru
 64857 | Vaults:5 | Reached XP level 26. HP: 192/266 MP: 29/29
 65068 | Vaults:5 | Identified the +5 quarterstaff of Dothra Lauh {spect,
                  | *Noise rC+++ Str-4 Stlth+}
 65124 | Vaults:5 | Got Ushibrer's Collected Works on Shifting Evil
 65185 | Vaults:5 | Received a gift from Okawaru
 65192 | Vaults:5 | Noticed an ancient lich
 65198 | Vaults:5 | Killed an ancient lich
 65205 | Vaults:5 | Got a silver rune of Zot
 65326 | Vaults:5 | Got the Collected Works on Contamination and Transmigration
 65419 | Vaults:5 | Found the +3 salamander hide armour {Flames rF++ rC--}
 65438 | Vaults:5 | Identified the +4 hand crossbow "Sekh" {vorpal, Dex+4}
 65618 | Vaults:5 | Received a gift from Okawaru
 65645 | Vaults:5 | Identified the +7 long sword "Wiehil Aqasa" {vorpal, rF+
                  | Str+2}
 65652 | Vaults:5 | Identified the ring of Perfectionism {*Slow rElec rC- rCorr
                  | EV+4}
 65663 | Vaults:5 | Identified the +2 leather armour of the Sky {+Inv Dex+3}
 66160 | Vaults:5 | Received a gift from Okawaru
 66277 | Vaults:5 | Identified the +11 short sword of Laedicag {drain, +Blink
                  | rF+ Stlth+}
 66864 | Slime:1  | Entered Level 1 of the Pits of Slime
 67326 | Zot:1    | Entered Level 1 of the Realm of Zot
 67377 | Zot:1    | Reached skill level 27 in Shields
 67510 | Zot:1    | Reached skill level 1 in Unarmed Combat
 67599 | Zot:1    | Reached skill level 1 in Axes
 67599 | Zot:1    | Reached skill level 1 in Staves
 67603 | Zot:1    | Reached skill level 1 in Bows
 67608 | Zot:1    | Reached skill level 1 in Polearms
 67610 | Zot:1    | Reached skill level 1 in Maces & Flails
 67920 | Zot:1    | You fall into a shaft and drop 1 floor!
 68603 | Zot:2    | Received a gift from Okawaru
 69860 | Zot:3    | Reached XP level 27. HP: 241/273 MP: 29/29
 70756 | Zot:4    | Identified the +2 battleaxe "Ovvianun" {freeze, Stlth+}
 70839 | Zot:4    | Identified the +0 cloak of Glamorous Satisfaction {rN++
                  | MP-9 Str+4} (Okawaru gifted it to you on level 4 of the
                  | Realm of Zot)
 70839 | Zot:4    | Received a gift from Okawaru
 71734 | Zot:5    | Entered Level 5 of the Realm of Zot
 72124 | Zot:5    | Noticed a dread lich
 72129 | Zot:5    | Killed a dread lich
 72166 | Zot:5    | Noticed an orb of fire
 72172 | Zot:5    | Killed an orb of fire
 72194 | Zot:5    | Noticed an ancient lich
 72197 | Zot:5    | Noticed an ancient lich
 72202 | Zot:5    | Killed an ancient lich
 72202 | Zot:5    | Received a gift from Okawaru
 72223 | Zot:5    | Killed an ancient lich
 72252 | Zot:5    | Received a gift from Okawaru
 72285 | Zot:5    | Noticed an ancient lich
 72308 | Zot:5    | Killed an ancient lich
 72330 | Zot:5    | Received a gift from Okawaru
 72504 | Zot:5    | Received a gift from Okawaru
 72579 | Zot:5    | Noticed an orb of fire
 72590 | Zot:5    | Killed an orb of fire
 72605 | Zot:5    | Noticed a dread lich
 72607 | Zot:5    | Paralysed by a dread lich for 6 turns
 72619 | Zot:5    | Gained mutation: You sometimes lose the ability to read
                  | scrolls when taking damage. [mutagenic glow]
 72621 | Zot:5    | Killed a dread lich
 72639 | Zot:5    | Gained mutation: Your magical capacity is low. (-10% MP)
                  | [mutagenic glow]
 72654 | Zot:5    | Gained mutation: You occasionally shout uncontrollably at
                  | your foes. [mutagenic glow]
 72689 | Zot:5    | Noticed an ancient lich
 72698 | Zot:5    | Killed an ancient lich
 72764 | Zot:5    | Got the Orb of Zot
 72923 | Zot:2    | Noticed Vyrahuecs the pandemonium lord
 73006 | Depths:5 | Noticed Apsehoap the pandemonium lord
 73082 | Depths:2 | Gained mutation: Your flesh is heat resistant. (rF+) [a
                  | cacodemon]
 73087 | Depths:2 | Gained mutation: Your magical capacity is very low. (-20%
                  | MP) [a cacodemon]
 73101 | Depths:1 | Gained mutation: You are dopey. (Int -2) [a cacodemon]
 73477 | D:$      | Escaped with the Orb!

Illustrated notes

Levels and vault maps discovered:
D:1:      heliophobic_arrival_battle_scene, layout_loops_ring, minmay_ruptured
D:2:      minmay_alternating_diamond, layout_basic,
          shapermc_ecumenical_altar_ellora, grunt_ministairs_10, uniq_terence
D:3:      layout_rooms, serial_shops, nicolae_shop_trees, serial_curves,
          eino_curves_02, eino_curves_04, eino_curves_03, uniq_natasha,
          uniq_jessica, uniq_crazy_yiuf_cottage
D:4:      layout_loops_ring, hangedman_decor_riveting, grunt_ministairs_2,
          minmay_hollow_rounded_squares
D:5:      cheibrodos_helix_gallery, layout_basic,
          nicolae_elyvilon_peaceful_grove, jmf_multi_god_temple2,
          mainiacjoe_overflow_concentric_impassable, makhleb_altar_promises_db,
          minmay_temple_entry_overgrown, nicolae_ossuary_entry_giza,
          minmay_fire_ice_demons
D:6:      layout_basic, lemuel_crystal_altar, grunt_ministairs_3
D:7:      layout_gridville, minivault_4, uniq_prince_ribbit1
D:8:      minmay_quarter_circles, layout_basic, uniq_maurice
D:9:      layout_rooms, mainiacjoe_overflow_big_doors, lair_entry_dummy,
          orc_0_dummy, ebering_ghost_inner_flame, kennysheep_generic_room_5
D:10:     layout_loops_cross, serial_rivers, chequers_serial_rivers_micro_c,
          chequers_serial_rivers_small_3, chequers_serial_rivers_small_b,
          chequers_serial_rivers_marsh, chequers_serial_rivers_micro_a
D:11:     layout_roguey, serial_shops, nicolae_shop_waterfront
D:12:     layout_gridville, serial_glass, glass_columns_b, glass_columns_a,
          uniq_erolcha, uniq_nergalle
D:13:     layout_loops_corners, uniq_frances
D:14:     layout_big_octagon, erik_vaults_2, minmay_staircase_bubble,
          serial_glass, glass_columns_b, glass_columns_a
D:15:     grunt_enter_depths_snipers, layout_cave_pools, led_sif_pool,
          serial_shops, nicolae_shop_temple_entry_statues_fountains,
          nicolae_shop_stone, nicolae_diamond_shop, shop_fountains
Temple:   jpeg_temple_clearing
Lair:1:   layout_regular_city, serial_bayou_shore_a, grunt_megastairs_2,
          infiniplex_staircase_pool_2
Lair:2:   layout_chaotic_city, uniq_harold, uniq_maggie
Lair:3:   layout_gridlike, minmay_holes, st_stairs_13, worms_lemuel
Lair:4:   layout_gridlike, elwin_shoals_entry_rooms,
          minmay_snake_entry_six_corridors, minivault_19
Lair:5:   layout_regular_city, lemuel_fruit_fields, serial_bayou_shore_b,
          uniq_josephine
Lair:6:   grunt_lair_end_beastmaster, layout_cave_pods, slime_altar_1
Shoals:1: layout_shoals, ebering_ghost_rock_garden, uniq_nikola
Shoals:2: layout_shoals, serial_shops, nicolae_shop_crystal,
          nicolae_shoals_water_booths, uniq_polyphemus
Shoals:3: layout_shoals, ldierk_geyser, uniq_ilsuiw
Shoals:4: shoals_end_grunt_ice, layout_shoals, shoals_ilsuiw_alternative
Snake:1:  layout_onion_interference, grunt_megastairs_3
Snake:2:  layout_basic, serial_shops, nicolae_stop_n_shop_1, st_stairs_4,
          serial_bayou_shore_b
Snake:3:  nrook_guardian_serpent_snake_passage, layout_cave_town
Snake:4:  minmay_snake_end_coiled, layout_cave_town, serial_shops, shop,
          serial_bayou_lagoon_a, hangedman_snake_pattern, st_stairs_3,
          uniq_bai_suzhen
Slime:1:  layout_caves, cheibrodos_slime_lost_civilization_4
Orc:1:    layout_diamond_mine
Orc:2:    st_orc_open, layout_caves, serial_shops, nicolae_lakefront_shop
Elf:1:    eino_elf_arrival_sip, layout_geoelf_diagonals, minmay_elf_sorcery,
          minivault_13
Elf:2:    nicolae_elf_blades_crystal_corner, layout_geoelf_octagon,
          hangedman_elven_pyramids
Elf:3:    elf_hall, layout_loops_cross, mu_enter_wizlab_7
Vaults:1: v_misc_3, vaults_room_stairs_pillars, ontoclasm_vaults_misaligned,
          vaults_room_door_hall, ontoclasm_vaults_decontamination,
          ontoclasm_vaults_spin, v_misc_16, special_room_vaults
          [special_room_orc], layout_vaults_chaotic_city
Vaults:2: vaults_mumra_minichess_inversion, hangedman_vaults_cutoff,
          vaults_standard_mumra_enter_the_diamond, grunt_vaults_focal,
          serial_ice_h, ontoclasm_vaults_ligature, v_misc_24,
          vaults_room_fancy_cross, grunt_vaults_hallway_long, v_misc_25,
          v_misc_16, st_star, vaults_dpeg_cross, vaults_mumra_hex,
          layout_vaults_omnicross
Vaults:3: nicolae_vaults_murderbox, minmay_crypt_entry_simple_plaza,
          ontoclasm_vaults_loading_screen, vaults_room_semicircle,
          ontoclasm_vaults_eye, hangedman_vaults_restitches, vaults_room_pool,
          ontoclasm_vaults_bender, hangedman_vaults_locks, v_misc_1,
          vaults_mumra_hexcomb, grunt_vaults_swirl, vaults_room_hallway,
          v_misc_22, nicolae_vaults_angled_halls, vaults_room_stairs_pillars,
          layout_vaults_maze_bifur, serial_shops, nicolae_shop_stone,
          uniq_asterion
Vaults:4: v_misc_23, vaults_room_ringed_pool, hangedman_vaults_impose,
          vaults_dpeg_hooks, grunt_vaults_diagonal,
          nicolae_vaults_circle_grid_a, vaults_room_grunt_arrival_ludios,
          hangedman_vaults_snaps, vaults_room_door_ring,
          nicolae_vaults_little_squares_6, ontoclasm_vaults_pinch,
          layout_vaults_ring, enter_trove_6
Vaults:5
Depths:1: layout_roguey, hell_entry, fedhas_altar_3, pan_entry,
          yredelemnul_altar_generic, minmay_shoptagon
Depths:2: hangedman_pleasuredromes, hell_entry, serial_shops
Depths:3: minmay_distorted_concentric_squares, layout_basic, enter_ziggurat_b,
          ebering_ghost_xom, grunt_pan_entry_spiral, pf_hell_entry_tar_river,
          infiniplex_staircase_door_maze, firewood_loft
Depths:4: minmay_the_grid_ultimate [minmay_the_grid_prize_trominoes,
          minmay_the_grid_prize_diamond_cup,
          minmay_the_grid_prize_four_corners_diamond_b,
          minmay_the_grid_prize_shrinking_boxes,
          minmay_the_grid_square_5x5_bracketed, minmay_the_grid_square_5x5_plus,
          minmay_the_grid_square_5x5_tetrominoes,
          minmay_the_grid_square_5x5_shrine2, minmay_the_grid_square_5x5_c,
          minmay_the_grid_square_5x5_hollow_slash,
          minmay_the_grid_square_5x5_beaten_path,
          minmay_the_grid_square_5x5_sharp_hourglass,
          minmay_the_grid_square_5x5_fat_x,
          minmay_the_grid_square_5x5_doubleslash,
          minmay_the_grid_square_5x5_longway,
          minmay_the_grid_square_5x5_minibox, minmay_the_grid_square_5x5_n,
          minmay_the_grid_square_5x5_detours, minmay_the_grid_square_5x5_forky,
          minmay_the_grid_triangle_9x9_limited_checkers,
          minmay_the_grid_triangle_9x9_intruding_spiral,
          minmay_the_grid_triangle_9x9_semitri,
          minmay_the_grid_triangle_9x9_flanged_cone,
          minmay_the_grid_triangle_9x9_skeleton,
          minmay_the_grid_triangle_9x9_pentomino_pain,
          minmay_the_grid_triangle_9x9_checkered,
          minmay_the_grid_triangle_9x9_swiss_cheese,
          minmay_the_grid_triangle_9x9_minimal,
          minmay_the_grid_triangle_9x9_stretched_checkered,
          minmay_the_grid_triangle_9x9_tough_junction,
          minmay_the_grid_triangle_9x9_wacky_v,
          minmay_the_grid_triangle_9x9_from_above,
          minmay_the_grid_triangle_9x9_warning,
          minmay_the_grid_triangle_9x9_thin_v,
          minmay_the_grid_triangle_9x9_steps, minmay_the_grid_square_5x5_eight,
          minmay_the_grid_octo_clover_2, minmay_the_grid_octo_horde,
          minmay_the_grid_octo_chip, minmay_the_grid_octo_tetromino_candy,
          minmay_the_grid_octo_checkered, minmay_the_grid_octo_thin_diamonds,
          minmay_the_grid_octo_shrine, minmay_the_grid_octo_pinwheel,
          minmay_the_grid_tree, minmay_the_grid_minigrid_small,
          minmay_the_grid_empty, minmay_the_grid_zigzag_pyramid], serial_shops,
          abyss_entry, hell_entry
Depths:5: lemuel_castle_with_subvaults [lemuel_castle_interior_carwin_1],
          layout_cave_shapes, hangedman_abyss_or_decor_lesser_grid, hell_entry,
          hangedman_decor_clover_reticule, kennysheep_four_rooms,
          minmay_shop_star
Zot:1:    layout_gridville
Zot:2:    layout_onion, hangedman_zot_decor_scrapings, grunt_ministairs_4,
          skrybe_zot_glass_2
Zot:3:    layout_basic, grunt_megastairs_5
Zot:4:    layout_cathedral_of_symmetry
Zot:5:    layout_misc_corridors

Skill      XL: |  1  2  3  4  5  6  7  8  9 10 11 12 13 14 15 16 17 18 19 20 21 22 23 24 25 26 27 |
---------------+----------------------------------------------------------------------------------+-----
Fighting       | 4 5 6 7 8 9 10 11 13 15 18 20 21 24 25 27 | 27.0
Armour         | 4 5 6 7 8 9 10 11 12 14 15 16 18 19 22 24 25 26 | 26.4
Shields        | 4 5 6 7 8 10 11 13 14 15 21 25 27 | 27.0
Long Blades    | 3 4 6 7 8 9 10 11 12 14 15 19 21 26 | 26.1
Slings         | 3 6 8 9 10 11 12 14 | 14.4
Invocations    | 3 5 7 8 10 | 10.6
Short Blades   | 1 |  1.5
Evocations     | 4 6 8 9 |  9.6
Unarmed Combat | 1 |  1.3
Axes           | 1 |  1.3
Staves         | 1 |  1.1
Bows           | 1 |  1.0
Polearms       | 1 |  1.0
Maces & Flails | 1 |  1.0
Crossbows      | |  0.8
Conjurations   | |  0.4
Hexes          | |  0.3
Summonings     | |  0.5
Necromancy     | |  0.6
Translocations | |  0.5
Transmutations | |  0.6
Fire Magic     | |  0.6
Ice Magic      | |  0.5
Air Magic      | |  0.5
Earth Magic    | |  0.8
Poison Magic   | |  0.5

Action                   |  1- 3 |  4- 6 |  7- 9 | 10-12 | 13-15 | 16-18 | 19-21 | 22-24 | 25-27 || total
-------------------------+-------+-------+-------+-------+-------+-------+-------+-------+-------++-------
Melee: Long sword        |    89 |   141 |   152 |   535 |       |       |       |       |       ||   917
       Headbutt          |     8 |    30 |    34 |   123 |   187 |   278 |   458 |   526 |   503 ||  2147
       Hunting sling     |       |       |     1 |       |       |       |       |       |       ||     1
       Scimitar          |       |       |       |    16 |   760 |  1047 |  1541 |   715 |   223 ||  4302
       Short sword       |       |       |       |     2 |     2 |       |       |       |       ||     4
       Double sword      |       |       |       |       |       |       |       |   904 |  1210 ||  2114
 Fire: Hunting sling     |       |       |   157 |   269 |   464 |   869 |   276 |    85 |    76 ||  2196
Throw: Stone             |       |       |     1 |     1 |       |       |       |       |       ||     2
       Throwing net      |       |       |       |     3 |       |     2 |       |       |       ||     5
Invok: Heroism           |       |       |     1 |     3 |     1 |     1 |       |       |       ||     6
       Finesse           |       |       |       |     2 |     3 |    11 |    12 |     8 |     8 ||    44
Evoke: Wand              |       |       |       |     3 |       |     3 |     8 |     5 |     2 ||    21
       Lightning rod     |       |       |       |       |       |       |     2 |       |       ||     2
  Use: Scroll            |       |     5 |     5 |    10 |    10 |     3 |     5 |    19 |     4 ||    61
       Potion            |       |       |     2 |     2 |       |     1 |     2 |     3 |     2 ||    12
Armor: Scale mail        |    23 |       |       |       |       |       |       |       |       ||    23
       Chain mail        |    25 |    78 |    62 |       |       |       |       |       |       ||   165
       Plate armour      |       |       |    29 |   259 |   286 |    70 |       |       |       ||   644
       Storm dragon scal |       |       |       |       |       |   399 |   496 |   381 |       ||  1276
       Gold dragon scale |       |       |       |       |       |       |       |   145 |   513 ||   658
Dodge: Dodged            |    21 |    40 |    25 |   149 |   150 |   312 |   386 |   223 |   149 ||  1455
Block: Kite shield       |    62 |    82 |    90 |   377 |   510 |   852 |  1190 |   775 |       ||  3938
       Reflection        |       |       |       |       |       |       |    22 |    10 |    81 ||   113
       Tower shield      |       |       |       |       |       |       |       |   533 |  1900 ||  2433
       Rpst.: Long sword |     2 |    11 |     8 |    28 |       |       |       |       |       ||    49
       Scimitar          |       |       |       |     3 |    31 |    47 |    62 |    16 |     6 ||   165
       Double sword      |       |       |       |       |       |       |       |    14 |    21 ||    35
